 Dungeon Crawl Stone Soup version 0.30-a0-618-gd6c86c23d0 (webtiles) character file.

Game seed: 17835335748763872920

127 acebull12 the Firebug (level 5, -1/41 HPs)
             Began as a Human Cinder Acolyte on Jan 9, 2023.
             Was a High Priest of Ignis.
             Succumbed to a scorpion's poison
             ... on level 4 of the Dungeon.
             The game lasted 00:08:27 (3404 turns).

acebull12 the Firebug (Human Cinder Acolyte)        Turns: 3404, Time: 00:08:28

Health: -1/41      AC:  6    Str: 16    XL:     5   Next: 33%
Magic:  1/8        EV: 10    Int: 14    God:    Ignis [*****.]
Gold:   184        SH:  3    Dex:  9    Spells: 6/8 levels left

rFire   + . .      SeeInvis .    a - -1 falchion (flame)
rCold   + . .      Faith    .    g - +0 buckler
rNeg    . . .      Spirit   .    m - +0 ring mail
rPois   .          Reflect  .    (no helmet)
rElec   .          Harm     .    (no cloak)
rCorr   .          Rampage  .    s - +0 pair of gloves
Will    .....                    (no boots) Stlth
                                 (no amulet)
HPRegen 0.26/turn                i - ring of protection from cold
MPRegen 0.11/turn                (no ring)

@: lethally poisoned (-1 -> -10)
A: no striking features
a: Renounce Religion, Fiery Armour, Foxfire Swarm, Rising Flame


You were on level 4 of the Dungeon.
You worshipped Ignis.
Ignis was extremely pleased with you.
You visited 1 branch of the dungeon, and saw 4 of its levels.

You collected 184 gold pieces.

Inventory:

Hand Weapons
 a - a -1 falchion of flaming (weapon)
Missiles
 q - 18 stones (quivered)
Armour
 g - a +0 buckler (worn)
 m - a +0 ring mail (worn)
 s - a +0 pair of gloves (worn)
Jewellery
 i - a ring of protection from cold (left hand)
Scrolls
 c - 3 scrolls of teleportation {unknown}
 d - 2 scrolls of fear {unknown}
 e - 6 scrolls of identify {unknown}
 k - a scroll of fog {unknown}
 n - a scroll of vulnerability {unknown}
 o - a scroll of magic mapping {unknown}
 r - a scroll of amnesia {unknown}
 t - a scroll of enchant armour {unknown}
Potions
 b - a potion of mutation {unknown}
 f - a potion of flight {unknown}
 h - a potion of heal wounds {unknown}
 j - 2 potions of cancellation {unknown}
 l - a potion of attraction {unknown}
 p - 2 potions of might {unknown}
 u - a potion of degeneration {unknown}


   Skills:
 + Level 3.1 Fighting
 + Level 3.5 Long Blades
 + Level 1.3 Armour
 + Level 0.6 Dodging
 * Level 1.5 Shields
 * Level 2.0 Spellcasting
 * Level 3.7 Fire Magic


You had 6 spell levels left.
You knew the following spells:

 Your Spells              Type           Power      Damage    Failure   Level
a - Scorch                Fire           22%        2d6       21%         2

Your spell library contained the following spells:

 Spells                   Type           Power      Damage    Failure   Level
 Freeze                   Ice            4%         1d3       52%         1
 Frozen Ramparts          Ice            2%         1d1       87%         3
 Gell's Gravitas          Tloc           1%         N/A       87%         3
 Hailstorm                Conj/Ice       1%         3d3       87%         3
 Lesser Beckoning         Tloc           2%         N/A       87%         3
 Teleport Other           Tloc           1%         N/A       87%         3


Dungeon Overview and Level Annotations

Branches:
Dungeon (4/15)
 Temple: D:4-7

Altars:
Dithmenos
Fedhas
Hepliaklqana
Ru
Lugonu

Portals:
Abyss: D:4


Message History

The scorpion is severely wounded.
You feel sick. You block the scorpion's attack.
Casting: Scorch (safe; 21% risk of failure)
Confirm with . or Enter, or press ? or * to list all spells.
Flames lash the scorpion but do no damage.
You feel sick.
The scorpion stings you but does no damage.
The scorpion barely misses you.
You closely miss the scorpion.
The scorpion is severely wounded.
You feel sick. The scorpion barely misses you.
You hit the scorpion but do no damage.
The scorpion is severely wounded.
You feel sick.
You are no longer poisoned.
The scorpion is no longer more vulnerable to fire.
The scorpion barely misses you.
You hit the scorpion but do no damage.
The scorpion is severely wounded.
The scorpion completely misses you.
The scorpion stings you but does no damage.
You hit the scorpion but do no damage.
The scorpion is heavily wounded.
The scorpion stings you.
* * * LOW HITPOINT WARNING * * *
You are lethally poisoned!
The scorpion poisons you!
Casting: Scorch (safe; 21% risk of failure)
Confirm with . or Enter, or press ? or * to list all spells.
Flames lash the scorpion.
The scorpion is severely wounded.
The scorpion's fire resistance burns away.
* * * LOW HITPOINT WARNING * * *
You feel very sick. The scorpion stings you.
* * * LOW HITPOINT WARNING * * *
Your magical contamination has completely faded away.
You hit the scorpion but do no damage.
The scorpion is severely wounded.
You die...

## #..## #.### .## #.##
### #####. ..####.#
#...... .......#
##....... ...#####
#........ ...# #........
...# ######........ ...#
#............. ...###
#.####@s....$. .....##
#.....<....... ......##
#####.........
.......######...........
.......#......##........
.........######.........
....>...................
.....[.##########.......
......## #......


You could see a scorpion (combustible).

Vanquished Creatures
  5 adders
  2 worms
  3 dart slugs
  9 endoplasms
  4 giant cockroaches
  5 goblins
  6 hobgoblins
  8 jackals
  6 quokkas
  2 ball pythons
  6 bats
  3 frilled lizards
  2 kobolds (D:3)
  7 rats
68 creatures vanquished.

Vanquished Creatures (others)
  3 lurking horrors (D:4)
3 creatures vanquished.

Grand Total: 71 creatures vanquished

Notes
Turn   | Place    | Note
-------+----------+-------------------------------------------
     0 | D:1      | acebull12 the Human Cinder Acolyte began the quest for the
                  | Orb.
     0 | D:1      | Reached XP level 1. HP: 18/18 MP: 2/2
   135 | D:1      | Reached XP level 2. HP: 22/24 MP: 3/3
   150 | D:1      | Learned a level 2 spell: Scorch
   401 | D:1      | Reached XP level 3. HP: 12/29 MP: 4/4
   896 | D:1      | Found a faded altar of an unknown god.
  1300 | D:2      | Reached skill level 1 in Shields
  1300 | D:2      | Reached XP level 4. HP: 26/35 MP: 3/6
  2156 | D:3      | Found a sacrificial altar of Ru.
  2174 | D:3      | Found a blossoming altar of Fedhas.
  2224 | D:3      | Found a shadowy altar of Dithmenos.
  2224 | D:3      | Found a hazy altar of Hepliaklqana.
  2227 | D:3      | Noticed a shadow
  2256 | D:3      | Reached skill level 1 in Armour
  2256 | D:3      | Reached XP level 5. HP: 31/41 MP: 7/7
  3088 | D:4      | Found a one-way gate to the infinite horrors of the Abyss.
  3088 | D:4      | Found a corrupted altar of Lugonu.
  3403 | D:4      | HP: 2/41 [scorpion (6)]
  3404 | D:4      | Succumbed to a scorpion's poison

Illustrated notes

Levels and vault maps discovered:
D:1:      kennysheep_arrival_seaside, layout_basic,
          dreamdust_ecumenical_altar_angels_and_demons
D:2:      layout_rooms, palyth_stone_intersect
D:3:      layout_loops_ring, riverfiend_overflow_shadow_ancestor,
          nicolae_ru_awakened_eye, mainiacjoe_overflow_alcove_4,
          hangedman_decor_lopped
D:4:      layout_rooms, amcnicky_altar_lugonu_corruption

Skill      XL: |  1  2  3  4  5 |
---------------+----------------+-----
Shields        | 1 |  1.5
Armour         | 1 |  1.3
Spellcasting   | 2 |  2.0
Fighting       | |  3.1
Long Blades    | |  3.5
Dodging        | |  0.6
Fire Magic     | |  3.7

Action                   |  1- 3 |  4- 6 || total
-------------------------+-------+-------++-------
Melee: Falchion          |   124 |   170 ||   294
       Punch             |     2 |       ||     2
 Cast: Scorch            |     4 |    11 ||    15
Invok: Fiery Armour      |       |     1 ||     1
Armor: Robe              |     3 |       ||     3
       Leather armour    |    40 |       ||    40
       Ring mail         |       |    91 ||    91
Dodge: Dodged            |    75 |    81 ||   156
Block: Buckler           |    21 |    29 ||    50

Table legend: (Time is in decaauts)
 A = Elapsed time spent in this place.
 B = Non-inter-level travel time spent in this place.
 C = Inter-level travel time spent in this place.
 D = Time resting spent in this place.
 E = Time spent auto-exploring this place.
 F = Levels seen in this place.
 G = Mean time per level.
                   A        B        C        D        E       F      G
               +--------+--------+--------+--------+--------+-----+--------+
         Total |   3458 |   3208 |    250 |    363 |   2093 |   4 |  864.5 |
       Dungeon |   3458 |   3208 |    250 |    363 |   2093 |   4 |  864.5 |
               +--------+--------+--------+--------+--------+-----+--------+

Top non-repeatable levels by time:
     D:1: 1268 daAuts
     D:3: 963 daAuts
     D:2: 899 daAuts
     D:4: 327 daAuts
